 Seeded DCSS version 0.31-a0-219-g8d62b2e7bb (webtiles) character file.

Game seed: 13275427502194390118 (custom seed)

205 rocky1 the Grave Robber (level 5, 35/35 HPs)
             Began as a Demonspawn Necromancer on July 3, 2023.
             Quit the game on level 3 of the Dungeon on July 4, 2023.
             The game lasted 00:07:09 (2368 turns).

rocky1 the Grave Robber (Demonspawn Necromancer)    Turns: 2368, Time: 00:07:09

Health: 35/35      AC:  4    Str: 14    XL:     5   Next: 52%
Magic:  10/10      EV: 12    Int: 19    God:
Gold:   168        SH:  0    Dex: 13    Spells: 4/11 levels left

rFire   . . .        c - staff of death
rCold   . . .        (no shield)
rNeg    + . .        a - +0 robe
rPois   .            k - +1 helmet
rElec   .            (no cloak)
rCorr   .            (no gloves)
SInv    .            (no boots)
Will    .....        (no amulet)
Stlth   ++           d - +6 ring of strength
HPRegen 0.25/turn    (no ring)
MPRegen 0.24/turn

%: no passive effects
@: no status effects
A: demonic guardian 1, magic regeneration
a: no special abilities


You were on level 3 of the Dungeon.
You visited 1 branch of the dungeon, and saw 3 of its levels.

You collected 168 gold pieces.

Inventory:

Armour
 a - a +0 robe (worn)
 k - a +1 helmet (worn)
Magical Staves
 c - a staff of death (weapon)
Jewellery
 d - a +6 ring of strength (left hand)
Scrolls
 e - a scroll of teleportation {unknown}
 f - a scroll of silence {unknown}
 g - a scroll of summoning {unknown}
 h - 2 scrolls of fear {unknown}
 i - a scroll of fog {unknown}
Potions
 b - a potion of magic
 j - 2 potions of berserk rage {unknown}
 l - 2 potions of enlightenment {unknown}
 m - 2 potions of mutation {unknown}
 n - 2 potions of curing {unknown}
 o - a potion of resistance {unknown}
 p - a potion of heal wounds {unknown}


   Skills:
 + Level 0.2 Fighting
 * Level 0.3 Long Blades
 - Level 0.2 Staves
 - Level 1.8 Dodging
 - Level 1.8 Stealth
 + Level 3.8 Spellcasting
 + Level 6.2 Necromancy


You had 4 spell levels left.
You knew the following spells:

 Your Spells              Type           Power      Damage    Failure   Level
a - Necrotise             Necr           100%       1d9       1%          1
b - Ozocubu's Armour      Ice            3%         N/A       38%         3
c - Vampiric Draining     Necr           40%        2d8       3%          3

Your spell library contained the following spells:

 Spells                   Type           Power      Damage    Failure   Level
 Animate Dead             Necr           40%        N/A       11%         4
 Agony                    Necr           40%        N/A       30%         5
 Metabolic Englaciation   Hex/Ice        1%         N/A       98%         5
 Simulacrum               Ice/Necr       11%        N/A       99%         6
 Ozocubu's Refrigeration  Ice            1%         4d7       100%        7
 Polar Vortex             Ice            1%         N/A       100%        9


Dungeon Overview and Level Annotations

Branches:
Dungeon (3/15)

Altars:
Nemelex Xobeh

Shops:
D:1 :==[


Innate Abilities, Weirdness & Mutations

A weak demonic guardian rushes to your aid.
You regenerate magic rapidly.


Message History

The endoplasm jiggles.
The endoplasm hits you but does no damage.
Aiming: Necrotise (safe; 1% risk of failure)
Press: ? - help, Q - select action, (/) - cycle Shift-Dir - straight line, f/p - endoplasm
Aim: an endoplasm (almost dead, chance to affect: 93%)
You feel a surge of power!
The endoplasm writhes in agony!
You kill the endoplasm!
Unknown command.
There is a stone staircase leading up here.
You see here a +0 chain mail.
A frilled lizard comes into view.
The frilled lizard hisses angrily.
A frilled lizard is nearby!
Aiming: Necrotise (safe; 1% risk of failure)
Press: ? - help, Q - select action, (/) - cycle Shift-Dir - straight line, f - frilled lizard
Aim: a frilled lizard (chance to affect: 93%)
You feel a surge of power!
The frilled lizard writhes in agony.
You kill the frilled lizard!
The dead are walking!
You swap places.
Your frilled lizard skeleton crumbles into dust!
p - a murky black potion
There is a sparkling altar of Nemelex Xobeh here.
A ball python comes into view.
Aiming: Necrotise (safe; 1% risk of failure)
Press: ? - help, Q - select action, (/) - cycle Shift-Dir - straight line, f - ball python
Aim: a ball python (asleep, chance to affect: 93%)
You feel a surge of power!
The ball python hisses angrily.
The ball python writhes in agony.
Aiming: Necrotise (safe; 1% risk of failure)
Press: ? - help, Q - select action, (/) - cycle Shift-Dir - straight line, f/p - ball python
Aim: a ball python (heavily wounded, chance to affect: 93%)
You feel a surge of power!
The ball python writhes in agony!
You kill the ball python!
The dead are slithering!
You swap places.
Done exploring.
Done exploring.
Are you sure you want to abandon this character and quit the game? (Confirm with "yes".)

..#####...........#
..# #.#.#####.#.#
..# #.#.......#.#
.># ##.#.#...#.#.#
.## ##..#.#._.#.#.##
.# #...#.#...#.#..#
.####.#.#.......#..#
........#.#####.#Z.#
................@..#
######...#####...###
#...# #...# #...#
##### #...# #...#
#...# #...#
######...#


You could see a friendly ball python skeleton.

Vanquished Creatures
  Jessica (D:2)
  Natasha (D:2)
  3 adders
  2 worms
  6 bats
  4 endoplasms
  2 giant cockroaches
  4 goblins
  2 hobgoblins
  2 jackals (D:2)
  4 kobolds
  4 quokkas
  3 ball pythons
  2 frilled lizards
  6 rats
46 creatures vanquished.

Vanquished Creatures (collateral kills)
  Natasha (twice) (D:2)
  2 adders (D:3)
  A dart slug (D:2)
  A kobold (D:2)
6 creatures vanquished.

Grand Total: 52 creatures vanquished

Notes
Turn   | Place    | Note
-------+----------+-------------------------------------------
     0 | D:1      | rocky1 the Demonspawn Necromancer began the quest for the
                  | Orb.
     0 | D:1      | Reached XP level 1. HP: 13/13 MP: 3/3
    12 | D:1      | Found Onlezats's Jewellery Emporium.
   235 | D:1      | Found Saufiugh's Armour Emporium.
   260 | D:1      | Gained mutation: You regenerate magic rapidly. [demonic
                  | ancestry]
   260 | D:1      | Reached XP level 2. HP: 19/19 MP: 1/5
   284 | D:1      | Found Obocek's Jewellery Boutique.
   298 | D:1      | Upgraded the game from 0.31-a0-217-g58bb5d79cf to
                  | 0.31-a0-219-g8d62b2e7bb
   329 | D:1      | Found Zyuqykanwy's Book Shop.
   638 | D:2      | Noticed Jessica
   641 | D:2      | Killed Jessica
   642 | D:2      | Reached skill level 5 in Necromancy
   642 | D:2      | Gained mutation: A weak demonic guardian rushes to your
                  | aid. [demonic ancestry]
   642 | D:2      | Reached XP level 3. HP: 10/24 MP: 2/6
   964 | D:2      | Noticed Natasha
   975 | D:2      | Killed Natasha
   976 | D:2      | Reached XP level 4. HP: 17/30 MP: 1/8
  1036 | D:2      | Noticed Natasha
  1050 | D:2      | Killed Natasha
  1165 | D:2      | Noticed Natasha
  1175 | D:2      | Killed Natasha
  1176 | D:2      | Reached skill level 6 in Necromancy
  1176 | D:2      | Reached XP level 5. HP: 20/35 MP: 1/10
  1283 | D:2      | Found a faded altar of an unknown god.
  1724 | D:3      | Found a sparkling altar of Nemelex Xobeh.
  1768 | D:3      | Learned a level 3 spell: Ozocubu's Armour
  1836 | D:3      | Learned a level 3 spell: Vampiric Draining
  2368 | D:3      | Quit the game

Illustrated notes

Levels and vault maps discovered:
D:1:      erik_arrival_blinker_ship, layout_loops_ring, serial_shops, shop,
          shop, shop, nicolae_shop_rolling_square
D:2:      layout_rooms, ebering_ecumenical_altar_hall, basic_altar,
          uniq_natasha, uniq_jessica
D:3:      layout_loops_ring, mainiacjoe_overflow_cross_hatched

Skill      XL: |  1  2  3  4 |
---------------+-------------+-----
Necromancy     | 5 6 |  6.2
Spellcasting   | 3 |  3.8
Fighting       | |  0.2
Long Blades    | |  0.3
Staves         | |  0.2
Dodging        | |  1.8
Stealth        | |  1.8

Action                     |  1- 3 |  4- 6 || total
---------------------------+-------+-------++-------
  Melee: Staff             |     5 |     6 ||    11
   Cast: Necrotise         |    27 |    66 ||    93
 Armour: Robe              |     4 |     8 ||    12
  Dodge: Dodged            |     5 |    10 ||    15

Table legend: (Time is in decaauts)
 A = Elapsed time spent in this place.
 B = Non-inter-level travel time spent in this place.
 C = Inter-level travel time spent in this place.
 D = Time resting spent in this place.
 E = Time spent auto-exploring this place.
 F = Levels seen in this place.
 G = Mean time per level.
                   A        B        C        D        E       F      G
               +--------+--------+--------+--------+--------+-----+--------+
         Total |   2375 |   2316 |     59 |    517 |   1483 |   3 |  791.7 |
       Dungeon |   2375 |   2316 |     59 |    517 |   1483 |   3 |  791.7 |
               +--------+--------+--------+--------+--------+-----+--------+

Top non-repeatable levels by time:
     D:2: 920 daAuts
     D:3: 817 daAuts
     D:1: 637 daAuts
